| TOP OF THE 1ST |
|
Waterbury Rough Riders batting - Pitching for Pittsfield Colonials : RHP Fernando Santana
|
|
Pitching: RHP Fernando Santana
|
|
|
Batting: RHB David Corman
|
0-0: Ball 1-0: Foul Ball, location: 2F 1-1: Fly out, F7 (Flyball, 7S, EV 87.5 MPH)
|
|
Batting: RHB Jack Fimple
|
0-0: Foul Ball, location: 2F 0-1: Ball 1-1: Swinging Strike 1-2: Ball 2-2: Fly out, F8 (Flyball, 8RS, EV 86.3 MPH)
|
|
Batting: RHB Dave Wilder
|
0-0: Fly out, F8 (Line Drive, 8LM, EV 95.0 MPH)
|
| Top of the 1st over - 0 runs, 0 hits, 0 errors, 0 left on base; Waterbury 0 - Pittsfield 0 |
| BOTTOM OF THE 1ST |
|
Pittsfield Colonials batting - Pitching for Waterbury Rough Riders : RHP Mathew McArow
|
|
Pitching: RHP Mathew McArow
|
|
|
Batting: SHB Steve Scafa
|
0-0: Called Strike 0-1: Ball 1-1: Called Strike 1-2: Ball 2-2: Ball 3-2: Foul Ball, location: 2F 3-2: Base on Balls
|
|
Batting: SHB Felipe Gracia
|
0-0: Ball Steve Scafa is caught stealing 2nd base 2-6 1-0: Foul Ball, location: 2F 1-1: Ball 2-1: Ball 3-1: Base on Balls
|
|
Batting: RHB Shawon Dunston
|
0-0: Ball Felipe Gracia is caught stealing 2nd base 2-4 1-0: Foul Ball, location: 2F 1-1: Foul Ball, location: 2F 1-2: Ball 2-2: Strikes out swinging
|
| Bottom of the 1st over - 0 runs, 0 hits, 0 errors, 0 left on base; Waterbury 0 - Pittsfield 0 |
| TOP OF THE 2ND |
|
Waterbury Rough Riders batting - Pitching for Pittsfield Colonials : RHP Fernando Santana
|
|
Batting: RHB Billy Beane
|
0-0: Ball 1-0: SINGLE (Groundball, 6D, EV 106.9 MPH)
|
|
Batting: LHB Wilson Tucker
|
0-0: Ball 1-0: Called Strike 1-1: Foul Ball, location: 2F 1-2: Ball 2-2: SINGLE (Groundball, 34D, EV 101.9 MPH) Billy Beane to second Runner from 2nd tries for 3rd, SAFE, throw by RF made to third Wilson Tucker to second
|
|
Batting: RHB Don Leach
|
0-0: Ball 1-0: Called Strike 1-1: Ball 2-1: Ball 3-1: Ground out 6-3 (Groundball, 6, EV 81.9 MPH) Billy Beane scores Wilson Tucker to third
|
|
Batting: SHB Paul Gbur
|
0-0: Fly out, F9 (Flyball, 9D, EV 89.4 MPH) Runner from 3rd tags up, SCORES, no throw by RF
|
|
Batting: RHB Enrique Collado
|
0-0: Called Strike 0-1: Ball 1-1: Foul Ball, location: 2F 1-2: Ball 2-2: SINGLE (Groundball, 6D, EV 98.8 MPH)
|
|
Batting: RHB Jose Quiroz
|
0-0: Ball 1-0: Ball 2-0: Ball 3-0: Called Strike 3-1: Fly out, F6 (Popup, 6D, EV 65.6 MPH)
|
| Top of the 2nd over - 2 runs, 3 hits, 0 errors, 1 left on base; Waterbury 2 - Pittsfield 0 |
| BOTTOM OF THE 2ND |
|
Pittsfield Colonials batting - Pitching for Waterbury Rough Riders : RHP Mathew McArow
|
|
Batting: RHB Mike Brewer
|
0-0: Swinging Strike 0-1: Ball 1-1: Ground out U3 (Groundball, 34S, EV 80.6 MPH)
|
|
Batting: SHB David Enos
|
0-0: Ball 1-0: Ball 2-0: Ball 3-0: Base on Balls
|
|
Batting: RHB Steven Ramler
|
0-0: Ball 1-0: Ball 2-0: Ball 3-0: Base on Balls David Enos to second
|
|
Batting: RHB Fernando Marin
|
0-0: Fly out, F9 (Flyball, 9D, EV 91.9 MPH) Runner from 2nd tags up, SAFE at 3rd, no throw by RF
|
|
Batting: SHB Allan Wilkerson
|
0-0: Ball 1-0: Called Strike 1-1: Ground out 5-3 (Groundball, 15, EV 90.0 MPH)
|
| Bottom of the 2nd over - 0 runs, 0 hits, 0 errors, 2 left on base; Waterbury 2 - Pittsfield 0 |
| TOP OF THE 3RD |
|
Waterbury Rough Riders batting - Pitching for Pittsfield Colonials : RHP Fernando Santana
|
|
Batting: RHB David Corman
|
0-0: Swinging Strike 0-1: Ball 1-1: Swinging Strike 1-2: Ball 2-2: Ball 3-2: Strikes out looking
|
|
Batting: RHB Jack Fimple
|
0-0: Called Strike 0-1: Ball 1-1: Swinging Strike 1-2: Foul Ball, location: 2F 1-2: Foul Ball, location: 2F 1-2: Ground out 6-3 (Groundball, 6S, EV 70.6 MPH)
|
|
Batting: RHB Dave Wilder
|
0-0: Ball 1-0: Called Strike 1-1: Swinging Strike 1-2: Fly out, F7 (Line Drive, 7, EV 93.8 MPH)
|
| Top of the 3rd over - 0 runs, 0 hits, 0 errors, 0 left on base; Waterbury 2 - Pittsfield 0 |
| BOTTOM OF THE 3RD |
|
Pittsfield Colonials batting - Pitching for Waterbury Rough Riders : RHP Mathew McArow
|
|
Batting: RHB Juan Castro
|
0-0: Called Strike 0-1: Foul Ball, location: 2F 0-2: Ball 1-2: Foul Ball, location: 2F 1-2: Ball 2-2: Ball 3-2: Foul Ball, location: 2F 3-2: Base on Balls
|
|
Batting: SHB Steve Scafa
|
0-0: Foul Ball, location: 2F 0-1: Ball 1-1: Called Strike 1-2: Ball 2-2: Foul Ball, location: 2F 2-2: Ball 3-2: Fly out, F7 (Flyball, 7, EV 88.1 MPH)
|
|
Batting: SHB Felipe Gracia
|
0-0: SINGLE (Line Drive, 78M, EV 90.0 MPH) Juan Castro to second
|
|
Batting: RHB Shawon Dunston
|
0-0: DOUBLE (Line Drive, 7LD, EV 105.6 MPH) Juan Castro scores Felipe Gracia to third Runner from 3rd tries for Home, SAFE, throw by LF to home
|
|
Batting: RHB Mike Brewer
|
0-0: DOUBLE (Flyball, 89XD, EV 98.1 MPH) Shawon Dunston scores
|
|
Batting: SHB David Enos
|
0-0: Ball 1-0: Called Strike 1-1: Ball 2-1: Foul Ball, location: 2F 2-2: Ball 3-2: Base on Balls
|
|
Batting: RHB Steven Ramler
|
0-0: Called Strike 0-1: SINGLE (Groundball, 56D, EV 93.8 MPH) Mike Brewer to third David Enos to second Runner from 3rd tries for Home, SAFE, throw by LF to home
|
|
Batting: RHB Fernando Marin
|
0-0: Called Strike 0-1: Swinging Strike 0-2: Strikes out looking
|
|
Batting: SHB Allan Wilkerson
|
0-0: Called Strike 0-1: Ball 1-1: Swinging Strike 1-2: Strikes out swinging
|
| Bottom of the 3rd over - 4 runs, 4 hits, 0 errors, 2 left on base; Waterbury 2 - Pittsfield 4 |
| TOP OF THE 4TH |
|
Waterbury Rough Riders batting - Pitching for Pittsfield Colonials : RHP Fernando Santana
|
|
Batting: RHB Billy Beane
|
0-0: Ball 1-0: Ball 2-0: Ball 3-0: Called Strike 3-1: Base on Balls
|
|
Batting: LHB Wilson Tucker
|
0-0: Ball Billy Beane is caught stealing 2nd base 2-6 1-0: Foul Ball, location: 2F 1-1: Foul Ball, location: 2F 1-2: Ground out 6-3 (Groundball, 6, EV 88.8 MPH)
|
|
Batting: RHB Don Leach
|
0-0: Fly out, F8 (Flyball, 8RXD, EV 96.3 MPH)
|
| Top of the 4th over - 0 runs, 0 hits, 0 errors, 0 left on base; Waterbury 2 - Pittsfield 4 |
| BOTTOM OF THE 4TH |
|
Pittsfield Colonials batting - Pitching for Waterbury Rough Riders : RHP Mathew McArow
|
|
Batting: RHB Juan Castro
|
0-0: Ball 1-0: Ball 2-0: Called Strike 2-1: Foul Ball, location: 2F 2-2: Ball 3-2: Fly out, F8 (Flyball, 8LS, EV 89.4 MPH)
|
|
Batting: SHB Steve Scafa
|
0-0: Ball 1-0: Foul Ball, location: 2F 1-1: Ground out 6-3 (Groundball, 6D, EV 84.4 MPH)
|
|
Batting: SHB Felipe Gracia
|
0-0: Swinging Strike 0-1: Ball 1-1: SINGLE (Flyball, 8RS, EV 95.6 MPH)
|
|
Batting: RHB Shawon Dunston
|
0-0: Foul Ball, location: 2F 0-1: Called Strike 0-2: Ball 1-2: Fielders Choice at 2nd, 6-4 (Groundball, 6, EV 85.6 MPH)
|
| Bottom of the 4th over - 0 runs, 1 hit, 0 errors, 1 left on base; Waterbury 2 - Pittsfield 4 |
| TOP OF THE 5TH |
|
Waterbury Rough Riders batting - Pitching for Pittsfield Colonials : RHP Fernando Santana
|
|
Batting: SHB Paul Gbur
|
0-0: Ball 1-0: Ball 2-0: Ball 3-0: Called Strike 3-1: Base on Balls
|
|
Batting: RHB Enrique Collado
|
0-0: Sac Bunt to 13S - play at first, batter OUT! 1-3 Paul Gbur to second
|
|
Batting: RHB Jose Quiroz
|
0-0: Called Strike 0-1: Ball 1-1: Foul Ball, location: 2F 1-2: Ground out 5-3 (Groundball, 5L, EV 91.3 MPH)
|
|
Batting: RHB David Corman
|
0-0: DOUBLE (Groundball, 3L, EV 102.5 MPH) Paul Gbur scores
|
|
Batting: RHB Jack Fimple
|
0-0: Called Strike 0-1: Ball Wild Pitch! David Corman to third 1-1: Called Strike 1-2: Foul Ball, location: 2F 1-2: Ball 2-2: Foul Ball, location: 2F 2-2: Foul Ball, location: 2F 2-2: Foul Ball, location: 2F 2-2: DOUBLE (Flyball, 78D, EV 105.0 MPH) David Corman scores
|
|
Batting: RHB Dave Wilder
|
0-0: Ball 1-0: Called Strike 1-1: Called Strike 1-2: Foul Ball, location: 2F 1-2: Foul Ball, location: 2F 1-2: Strikes out swinging
|
| Top of the 5th over - 2 runs, 2 hits, 0 errors, 1 left on base; Waterbury 4 - Pittsfield 4 |
| BOTTOM OF THE 5TH |
|
Pittsfield Colonials batting - Pitching for Waterbury Rough Riders : RHP Mathew McArow
|
|
Batting: RHB Mike Brewer
|
0-0: Ball 1-0: Swinging Strike 1-1: Foul Ball, location: 2F 1-2: Ball 2-2: Ball 3-2: SINGLE (Groundball, 6M, EV 96.9 MPH)
|
|
Batting: SHB David Enos
|
0-0: Called Strike 0-1: Ball 1-1: Foul Ball, location: 2F 1-2: Strikes out swinging
|
|
Batting: RHB Steven Ramler
|
0-0: Ball 1-0: Ball 2-0: SINGLE (Line Drive, 9S, EV 110.6 MPH) Mike Brewer to second
|
|
Batting: RHB Fernando Marin
|
0-0: Called Strike 0-1: SINGLE (Flyball, 78S, EV 98.8 MPH) Mike Brewer to third Steven Ramler to second Runner from 3rd tries for Home, SAFE, throw by CF to home
|
|
Batting: SHB Allan Wilkerson
|
0-0: Ball 1-0: Called Strike 1-1: Foul Ball, location: 2F 1-2: Ball 2-2: Foul Ball, location: 2F 2-2: Ball 3-2: Fielders Choice at 2nd, U6 (Groundball, 4M, EV 81.3 MPH) Steven Ramler to third
|
|
Batting: RHB Juan Castro
|
0-0: Ball 1-0: Foul Ball, location: 2F 1-1: Ball 2-1: Ball 3-1: Swinging Strike 3-2: Strikes out swinging
|
| Bottom of the 5th over - 1 run, 3 hits, 0 errors, 2 left on base; Waterbury 4 - Pittsfield 5 |
| TOP OF THE 6TH |
|
Waterbury Rough Riders batting - Pitching for Pittsfield Colonials : RHP Fernando Santana
|
|
Batting: RHB Billy Beane
|
0-0: Swinging Strike 0-1: Ball 1-1: Called Strike 1-2: Strikes out swinging
|
|
Batting: LHB Wilson Tucker
|
0-0: Ball 1-0: Ground out 6-3 (Groundball, 6M, EV 78.8 MPH)
|
|
Batting: RHB Don Leach
|
0-0: Ball 1-0: Called Strike 1-1: Ball 2-1: Foul Ball, location: 2F 2-2: Ball 3-2: Fly out, F8 (Flyball, 8RM, EV 80.6 MPH)
|
| Top of the 6th over - 0 runs, 0 hits, 0 errors, 0 left on base; Waterbury 4 - Pittsfield 5 |
| BOTTOM OF THE 6TH |
|
Pittsfield Colonials batting - Pitching for Waterbury Rough Riders : RHP Mathew McArow
|
|
Batting: SHB Steve Scafa
|
0-0: Ball 1-0: Ball 2-0: Ball 3-0: Called Strike 3-1: Fly out, F7 (Line Drive, 7, EV 95.0 MPH)
|
|
Batting: SHB Felipe Gracia
|
0-0: Called Strike 0-1: SINGLE (Groundball, 4MD, EV 108.1 MPH)
|
|
Batting: RHB Shawon Dunston
|
0-0: Fielders Choice at 2nd, 1-6 (Groundball, 13S, EV 70.0 MPH)
|
|
Batting: RHB Mike Brewer
|
0-0: Fielders Choice at 2nd, 6-4 (Groundball, 56, EV 92.5 MPH)
|
| Bottom of the 6th over - 0 runs, 1 hit, 0 errors, 1 left on base; Waterbury 4 - Pittsfield 5 |
| TOP OF THE 7TH |
|
Waterbury Rough Riders batting - Pitching for Pittsfield Colonials : RHP Fernando Santana
|
|
Batting: SHB Paul Gbur
|
0-0: Foul Ball, location: 2F 0-1: Ball 1-1: Called Strike 1-2: Fly out, F8 (Flyball, 8RS, EV 92.5 MPH)
|
|
Batting: RHB Enrique Collado
|
0-0: Fly out, F7 (Flyball, 78D, EV 103.8 MPH)
|
|
Batting: RHB Jose Quiroz
|
0-0: Swinging Strike 0-1: Fly out, F9 (Flyball, 9LS, EV 76.3 MPH)
|
| Top of the 7th over - 0 runs, 0 hits, 0 errors, 0 left on base; Waterbury 4 - Pittsfield 5 |
| BOTTOM OF THE 7TH |
|
Pittsfield Colonials batting - Pitching for Waterbury Rough Riders : RHP Mathew McArow
|
|
Pitching: RHP Ron Stryker
|
|
|
Batting: SHB David Enos
|
0-0: Ball 1-0: Foul Ball, location: 2F 1-1: Called Strike 1-2: Ball 2-2: Ball 3-2: Strikes out swinging
|
|
Batting: RHB Steven Ramler
|
0-0: Called Strike 0-1: Foul Ball, location: 2F 0-2: Fly out, F6 (Popup, 56, EV 73.1 MPH)
|
|
Batting: RHB Fernando Marin
|
0-0: Foul Ball, location: 2F 0-1: Swinging Strike 0-2: Ball 1-2: Strikes out swinging
|
| Bottom of the 7th over - 0 runs, 0 hits, 0 errors, 0 left on base; Waterbury 4 - Pittsfield 5 |
| TOP OF THE 8TH |
|
Waterbury Rough Riders batting - Pitching for Pittsfield Colonials : RHP Fernando Santana
|
|
Batting: RHB David Corman
|
0-0: Ground out 6-3 (Groundball, 56, EV 85.0 MPH)
|
|
Batting: RHB Jack Fimple
|
0-0: Called Strike 0-1: Foul Ball, location: 2F 0-2: Ball 1-2: Strikes out swinging
|
|
Batting: RHB Dave Wilder
|
0-0: Ball 1-0: Called Strike 1-1: Ground out 6-3 (Groundball, 6, EV 97.5 MPH)
|
| Top of the 8th over - 0 runs, 0 hits, 0 errors, 0 left on base; Waterbury 4 - Pittsfield 5 |
| BOTTOM OF THE 8TH |
|
Pittsfield Colonials batting - Pitching for Waterbury Rough Riders : RHP Ron Stryker
|
|
Batting: SHB Allan Wilkerson
|
0-0: Called Strike 0-1: Ball 1-1: Ball 2-1: Called Strike 2-2: Ground out 1-3 (Groundball, 34S, EV 73.1 MPH)
|
|
Batting: RHB Juan Castro
|
0-0: Fly out, F8 (Line Drive, 8RM, EV 91.9 MPH)
|
|
Batting: SHB Steve Scafa
|
0-0: Swinging Strike 0-1: Foul Ball, location: 2F 0-2: Strikes out swinging
|
| Bottom of the 8th over - 0 runs, 0 hits, 0 errors, 0 left on base; Waterbury 4 - Pittsfield 5 |
| TOP OF THE 9TH |
|
Waterbury Rough Riders batting - Pitching for Pittsfield Colonials : RHP Fernando Santana
|
|
Pitching: RHP Kenneth Walker
|
|
|
Now in CF: Jose Bernhardt
|
|
|
Batting: RHB Billy Beane
|
0-0: Foul Ball, location: 2F 0-1: SINGLE (Groundball, 34D, EV 95.6 MPH)
|
|
Batting: LHB Wilson Tucker
|
0-0: Fielders Choice at 2nd, 4-6 (Groundball, 4S, EV 89.4 MPH)
|
|
Pinch Hitting: LHB David Blume
|
0-0: DOUBLE (Line Drive, 89XD, EV 110.0 MPH) Wilson Tucker to third Runner from 3rd tries for Home, SAFE, throw by CF to trailing runner, SAFE at third!
|
|
Batting: SHB Paul Gbur
|
0-0: Intentional Walk
|
|
Batting: RHB Enrique Collado
|
0-0: Squeeze Bunt to 3S - play home, runner OUT, batter safe! 3-2 Paul Gbur to second
|
|
Batting: RHB Jose Quiroz
|
0-0: Ball 1-0: Ball 2-0: Fielders Choice at 2nd, 5-4 (Groundball, 56, EV 81.3 MPH)
|
| Top of the 9th over - 1 run, 2 hits, 0 errors, 2 left on base; Waterbury 5 - Pittsfield 5 |
| BOTTOM OF THE 9TH |
|
Pittsfield Colonials batting - Pitching for Waterbury Rough Riders : RHP Ron Stryker
|
|
Pitching: RHP Marcial Abreu
|
|
|
Now at C: David Blume
|
|
|
Batting: SHB Felipe Gracia
|
0-0: Ball 1-0: Ball 2-0: Foul Ball, location: 2F 2-1: Foul Ball, location: 2F 2-2: Ball 3-2: Base on Balls
|
|
Batting: RHB Shawon Dunston
|
0-0: Called Strike 0-1: Ball 1-1: Called Strike 1-2: Ball 2-2: Grounds into double play, 6-4-3 (Groundball, 6, EV 102.5 MPH)
|
|
Batting: RHB Mike Brewer
|
0-0: Swinging Strike 0-1: Swinging Strike 0-2: Strikes out swinging
|
| Bottom of the 9th over - 0 runs, 0 hits, 0 errors, 0 left on base; Waterbury 5 - Pittsfield 5 |
| TOP OF THE 10TH |
|
Waterbury Rough Riders batting - Pitching for Pittsfield Colonials : RHP Kenneth Walker
|
|
Pitching: LHP Newt Box
|
|
|
Batting: RHB David Corman
|
0-0: Ball 1-0: Ball 2-0: Called Strike 2-1: Foul Ball, location: 2F 2-2: Foul Ball, location: 2F 2-2: Ball 3-2: Foul Ball, location: 2F 3-2: Base on Balls
|
|
Batting: RHB Jack Fimple
|
0-0: Foul Ball, location: 2F 0-1: Hit by Pitch David Corman to second
|
|
Batting: RHB Dave Wilder
|
0-0: Ball 1-0: Ball 2-0: Ball 3-0: Base on Balls David Corman to third Jack Fimple to second
|
|
Batting: RHB Billy Beane
|
0-0: Ball 1-0: Ball 2-0: Called Strike 2-1: TRIPLE (Flyball, 8RXD, EV 88.1 MPH) David Corman scores Jack Fimple scores Dave Wilder scores
|
|
Batting: LHB Wilson Tucker
|
0-0: Ball 1-0: Ball 2-0: Ball 3-0: Base on Balls
|
|
Batting: LHB David Blume
|
0-0: Ball 1-0: Ball 2-0: Called Strike 2-1: Grounds out, U3 (Groundball, 3L, EV 90.6 MPH) Billy Beane scores
|
|
Pitching: RHP Douglas Henley
|
|
|
Batting: SHB Paul Gbur
|
0-0: Ball Wilson Tucker steals 3rd base 1-0: Ball 2-0: Called Strike 2-1: Ball 3-1: Base on Balls
|
|
Batting: RHB Enrique Collado
|
0-0: Ball 1-0: Ball 2-0: Fly out, F9 (Flyball, 89D, EV 100.6 MPH) Runner from 3rd tags up, SCORES, throw by RF
|
|
Batting: RHB Jose Quiroz
|
0-0: Called Strike Paul Gbur steals 2nd base 0-1: Ball 1-1: Fly out, F8 (Flyball, 8LD, EV 103.1 MPH)
|
| Top of the 10th over - 5 runs, 1 hit, 0 errors, 1 left on base; Waterbury 10 - Pittsfield 5 |
| BOTTOM OF THE 10TH |
|
Pittsfield Colonials batting - Pitching for Waterbury Rough Riders : RHP Marcial Abreu
|
|
Batting: SHB David Enos
|
0-0: Ground out 4-3 (Groundball, 4, EV 92.5 MPH)
|
|
Batting: RHB Steven Ramler
|
0-0: Ground out U3 (Groundball, 34, EV 78.1 MPH)
|
|
Batting: RHB Fernando Marin
|
0-0: Swinging Strike 0-1: Ball 1-1: Called Strike 1-2: Ball 2-2: Ball 3-2: Base on Balls
|
|
Batting: SHB Allan Wilkerson
|
0-0: Called Strike 0-1: Called Strike 0-2: Strikes out looking
|
| Bottom of the 10th over - 0 runs, 0 hits, 0 errors, 1 left on base; Waterbury 10 - Pittsfield 5 |
|